 Dungeon Crawl Stone Soup version 0.31.0-9-g3a7656b989 (webtiles) character file.

Game seed: 13380451167191499352

221 qw the Shooter (level 5, 0/25 HPs)
             Began as a Spriggan Hunter on Feb 2, 2024.
             Killed from afar by Terence (8 damage)
             ... with a puff of flame
             ... on level 2 of the Dungeon.
             The game lasted 00:00:03 (1003 turns).

qw the Shooter (Spriggan Hunter)                    Turns: 1003, Time: 00:00:04

Health: 0/25       AC:  2    Str:  7    XL:     5   Next: 65%
Magic:  6/6        EV: 20    Int: 11    God:
Gold:   82         SH:  0    Dex: 20    Spells: 4/4 levels left

rFire   . . .        a - +1 shortbow
rCold   . . .        (shield currently unavailable)
rNeg    . . .        c - +0 robe
rPois   .            (helmet restricted)
rElec   .            (no cloak)
rCorr   .            (gloves unavailable)
SInv    +            (boots unavailable)
Will    .....        (no amulet)
Stlth   ++           (no ring)
HPRegen 0.24/turn    (no ring)
MPRegen 0.10/turn

%: no passive effects
@: very quick
A: very small, no large weapons, unfitting armour, see invisible, speed 3
a: no special abilities


You were on level 2 of the Dungeon.
You visited 1 branch of the dungeon, and saw 2 of its levels.

You collected 82 gold pieces.


Innate Abilities, Weirdness & Mutations

You are very small and have problems with some larger weapons.
You are too small for most types of armour.
You have supernaturally acute eyesight. (SInv)
You cover ground extremely quickly. (Speed+++)


   Skills:
 - Level 1.5 Fighting
 - Level 6.2 Ranged Weapons
 + Level 4.9 Dodging
 - Level 1.5 Stealth


You had 4 spell levels left.
You didn't know any spells.
Your spell library was empty.

Inventory:

Hand Weapons
 a - a +1 shortbow (weapon)
Armour
 c - a +0 robe (worn)
Scrolls
 b - a scroll of noise {unknown}
Potions
 g - a potion of lignification {unknown}
 j - a potion of brilliance {unknown}
 l - a potion of cancellation {unknown}
 m - a potion of curing {unknown}

Dungeon Overview and Level Annotations

Branches:
Dungeon (2/15)

Altars:

Annotations:
D:2 Terence


Message History

You hear a shout!
You shoot an arrow. The arrow hits Jessica.
Jessica is heavily wounded.
Jessica casts a spell at you. Pain shoots through your body!
You shoot an arrow. The arrow hits Jessica!
You kill Jessica!
You start resting.
Terence the Incautious comes into view.
He is wielding a +0 hand axe and carrying a wand of flame.
You shoot an arrow.
Terence shouts!
The arrow hits Terence but does no damage.
You shoot an arrow. The arrow hits Terence.
Terence is lightly wounded.
You shoot an arrow.
The arrow hits Terence but does no damage.
Terence is lightly wounded.
Terence zaps a wand.
The puff of flame hits you!
You shoot an arrow. The arrow hits Terence.
Terence is moderately wounded.
You shoot an arrow.
The arrow hits Terence but does no damage.
Terence is moderately wounded.
You shoot an arrow. The arrow hits Terence.
Terence is heavily wounded.
You shoot an arrow. The arrow hits Terence!
Terence is almost dead.
You shoot an arrow.
The arrow hits Terence but does no damage.
Terence is almost dead.
Terence closely misses you.
You shoot an arrow. The arrow hits Terence.
Terence is almost dead.
Terence zaps a wand.
The puff of flame hits you!
You shoot an arrow.
The arrow hits Terence but does no damage.
Terence is almost dead.
Terence zaps a wand.
The puff of flame hits you!
You die...
Terence says, "Rest in peace."

#...............###
#.#.#.#.####.....
#.......# ####.# #
##.#....# #.# #..%...#
#.# ####%##### #.###
###.######.....#####....
...........<.........###
...##@.......#####.#
#@####.#.# #.# #.#
.....# ..# #.##.#.#.#
#.# #.##.#.#.# #.# #.).
..#.. ..# #.. ....###
### #..


You could see Terence.

Vanquished Creatures
  Sigmund (D:2)
  Jessica (D:2)
  An adder (D:2)
  A dart slug (D:2)
  7 endoplasms
  5 goblins (D:1)
  A hobgoblin (D:1)
  A kobold (D:1)
  A quokka (D:2)
  3 ball pythons
  A bat (D:1)
  3 rats (D:1)
26 creatures vanquished.

Notes
Turn   | Place    | Note
-------+----------+-------------------------------------------
     0 | D:1      | qw the Spriggan Hunter began the quest for the Orb.
     0 | D:1      | Reached XP level 1. HP: 10/10 MP: 2/2
     0 | D:1      | 0 ||| qw: Version: 0.3-a-155-g5e7d8dd
     0 | D:1      | 0 ||| qw: Game counter: 936
     0 | D:1      | 0 ||| qw: Melee chars always use a shield: true
     0 | D:1      | 0 ||| qw: God list: Okawaru
     0 | D:1      | 0 ||| qw: Allow faded altars: false
     0 | D:1      | 0 ||| qw: Do Orc after clearing Dungeon:15 true
     0 | D:1      | 0 ||| qw: Do second Lair branch before Depths: true
     0 | D:1      | 0 ||| qw: Lair rune preference: random
     0 | D:1      | 0 ||| qw: Goals: Normal
     0 | D:1      | 0 ||| PLANNING D:1-11
    44 | D:1      | Reached skill level 3 in Dodging
   113 | D:1      | Reached XP level 2. HP: 14/14 MP: 3/3
   604 | D:1      | 604 ||| DROPPING ring of flight.
   605 | D:1      | 605 ||| READING scroll labelled ECAHAD FODDAE.
   605 | D:1      | 605 ||| ENCHANTING +0 shortbow.
   606 | D:1      | 606 ||| READING scroll labelled ROGHAF TAURGHU.
   611 | D:1      | 611 ||| READING scroll labelled NAHUHATRAC.
   712 | D:1      | 712 ||| READING scroll labelled BOUNIU XAIPNA.
   713 | D:1      | 713 ||| READING scroll labelled FUIGHA HUEDAU.
   713 | D:1      | 713 ||| ENCHANTING +0 shortbow.
   714 | D:1      | 714 ||| DROPPING scroll of butterflies.
   746 | D:2      | Noticed Sigmund
   754 | D:2      | Killed Sigmund
   755 | D:2      | Reached skill level 6 in Ranged Weapons
   755 | D:2      | Reached XP level 3. HP: 18/18 MP: 4/4
   755 | D:2      | Reached XP level 4. HP: 22/22 MP: 5/5
   755 | D:2      | Reached XP level 5. HP: 25/25 MP: 6/6
   786 | D:2      | 786 ||| FLEEEEING.
   789 | D:2      | 789 ||| STAIRDANCE
   952 | D:2      | Noticed Jessica
   955 | D:2      | Killed Jessica
   993 | D:2      | Noticed Terence
  1003 | D:2      | Killed from afar by Terence

Levels and vault maps discovered:
D:1:      evilmike_arrival_fibonacci_small, layout_basic, st_stairs_3
D:2:      layout_loops_cross, serial_glass, glass_columns_a, glass_columns_b,
          glass_columns_b, glass_columns_c, uniq_sigmund, uniq_jessica,
          uniq_terence

Skill      XL: |  1  2 |
---------------+-------+-----
Dodging        | 3 4 |  4.9
Ranged Weapons | 6 |  6.2
Fighting       | |  1.5
Stealth        | |  1.5

Action                     |  1- 3 |  4- 6 || total
---------------------------+-------+-------++-------
   Fire: Shortbow          |    44 |    33 ||    77
    Use: Scroll            |     5 |       ||     5
 Armour: Robe              |     2 |     5 ||     7
  Dodge: Dodged            |     7 |     4 ||    11

Table legend:
 A = Non-vault XP
 B = Vault XP
 C = Vault XP percentage of total XP
 D = Non-vault monster count
 E = Vault monster count
 F = Vault count percentage of total count
                 A         B        C        D         E       F
            +---------+---------+-------+---------+---------+-------
      Total |      50 |     267 |  84.2 |      22 |       4 |  15.4
            +---------+---------+-------+---------+---------+-------
        D:1 |      23 |       4 |  14.8 |      14 |       2 |  12.5
        D:2 |      27 |     263 |  90.7 |       8 |       2 |  20.0
            +---------+---------+-------+---------+---------+-------
